 Dungeon Crawl Stone Soup version 0.27-a0-1278-g6cbc8dfb29 (webtiles) character file.

Game seed: 16353162364731775364

18 bilbop the Bolt Thrower (level 2, -1/18 HPs)
             Began as a Kobold Hunter on June 13, 2021.
             Slain by a jackal (2 damage)
             ... on level 1 of the Dungeon.
             The game lasted 00:02:04 (327 turns).

bilbop the Bolt Thrower (Kobold Hunter)              Turns: 327, Time: 00:02:04

Health: -1/18      AC:  3    Str:  9    XL:     2   Next: 90%
Magic:  2/2        EV: 14    Int: 12    God:
Gold:   0          SH:  0    Dex: 15    Spells: 1/1 levels left

rFire    . . .     SeeInvis .   b - +0 dagger
rCold    . . .     Faith    .   (shield restricted)
rNeg     . . .     Spirit   .   c - +0 leather armour
rPois    .         Reflect  .   (no helmet)
rElec    .         Harm     .   (no cloak)
rCorr    .         Rampage  .   (no gloves)
Will     .....                  (no boots)
Stlth    +++.......             (no amulet)
HPRegen  0.06/turn              (no ring)
MPRegen  0.08/turn              (no ring)

@: no status effects
A: small, no large weapons, nightstalker 3
a: no special abilities


You were on level 1 of the Dungeon.
You visited 1 branch of the dungeon, and saw 1 of its levels.

Inventory:

Hand Weapons
 a - a +1 hand crossbow
 b - a +0 dagger (weapon)
 f - a +0 short sword
Missiles
 d - 10 bolts
Armour
 c - a +0 leather armour (worn)
Scrolls
 e - a scroll of teleportation {unknown}


   Skills:
 * Level 2.7 Fighting
 + Level 1.0 Short Blades
 + Level 4.9 Crossbows
 + Level 2.8 Dodging
 + Level 1.9 Stealth


You had one spell level left.
You didn't know any spells.
Your spell library was empty.

Dungeon Overview and Level Annotations

Branches:
Dungeon (1/15)

Altars:


Innate Abilities, Weirdness & Mutations

You are small and have problems with some larger weapons.
You are completely attuned to the shadows.


Message History

The jackal closely misses you. The jackal bites you.
The jackal bites you but does no damage.
The jackal bites you.
The jackal bites you but does no damage.
The jackal misses you.
You shoot a bolt.
The bolt hits the jackal but does no damage.
The jackal is moderately wounded.
The jackal barely misses you. x2; The jackal closely misses you.
The jackal bites you but does no damage. x2
The jackal misses you.
b - a +0 dagger (weapon)
The jackal misses you.
You hit the jackal but do no damage.
The jackal is moderately wounded.
The jackal barely misses you. The jackal bites you.
The jackal barely misses you. The jackal closely misses you. x2
You miss the jackal.
The jackal is moderately wounded.
The jackal bites you. The jackal barely misses you.
The jackal closely misses you.
You hit the jackal.
The jackal is severely wounded.
The jackal misses you.
The jackal bites you but does no damage.
The jackal misses you. The jackal completely misses you.
You hit the jackal.
You kill the jackal!
The jackal misses you. The jackal closely misses you.
The jackal bites you but does no damage.
Your Short Blades skill increases to level 1!
The jackal closely misses you.
You completely miss the jackal. The jackal bites you.
* * * LOW HITPOINT WARNING * * *
You hit the jackal but do no damage. The jackal misses you.
The jackal bites you but does no damage.
You hit the jackal but do no damage. The jackal bites you.
* * * LOW HITPOINT WARNING * * *
The jackal misses you. The jackal bites you.
You die...

#.#
#...............#
#...#########.#.###
#...# #.#.... #...#
#.#.... #...#
###.#.... ###...#
#....###. (..(..#
#.#...##. ...hh##
##........ ..(.@#
##..#....#. .....#
#..##....## ....(#
#..#......# .....#
#.##..##..# .....#
#.#..####..
######.#..####..
.......##..##..#
#####...#......#
#...##....##


You could see 2 jackals.

Vanquished Creatures
  2 dart slugs (D:1)
  A bat (D:1)
  2 endoplasms (D:1)
  A giant cockroach (D:1)
  2 jackals (D:1)
  2 ball pythons (D:1)
  2 goblins (D:1)
  A rat (D:1)
13 creatures vanquished.

Notes
Turn   | Place    | Note
-------+----------+-------------------------------------------
     0 | D:1      | bilbop the Kobold Hunter began the quest for the Orb.
     0 | D:1      | Reached XP level 1. HP: 12/12 MP: 1/1
    39 | D:1      | Reached XP level 2. HP: 18/18 MP: 2/2
   323 | D:1      | Reached skill level 1 in Short Blades
   327 | D:1      | Slain by a jackal

Illustrated notes

Levels and vault maps discovered:
D:1:      matt_arrival_los_fun, layout_basic, serial_shops, shop_statue,
          minmay_misc_feat_iff

Skill      XL: |  1  2 |
---------------+-------+-----
Short Blades   | 1 |  1.0
Fighting       | |  2.7
Crossbows      | |  4.9
Dodging        | |  2.8
Stealth        | |  1.9

Action                   || total
-------------------------++-------
Melee: Dagger            ||     7
 Fire: Hand crossbow     ||    28
Armor: Leather armour    ||    13
Dodge: Dodged            ||    38

Table legend: (Time is in decaauts)
 A = Elapsed time spent in this place.
 B = Non-inter-level travel time spent in this place.
 C = Inter-level travel time spent in this place.
 D = Time resting spent in this place.
 E = Time spent auto-exploring this place.
 F = Levels seen in this place.
 G = Mean time per level.
                   A        B        C        D        E       F      G
               +--------+--------+--------+--------+--------+-----+--------+
         Total |    333 |    317 |     16 |      0 |    253 |   1 |  333.0 |
       Dungeon |    333 |    317 |     16 |      0 |    253 |   1 |  333.0 |
               +--------+--------+--------+--------+--------+-----+--------+

Top non-repeatable levels by time:
     D:1: 333 daAuts
